 Dungeon Crawl Stone Soup version 0.16-a0-4111-gf762223 (webtiles) character file.

18 dithyrambik the Magician (level 2, -2/15 HPs)
             Began as a Gargoyle Wizard on Feb 26, 2015.
             Killed from afar by Terence (12 damage)
             ... with a wand of flame
             ... on level 2 of the Dungeon.
             The game lasted 00:04:45 (985 turns).

dithyrambik the Magician (Gargoyle Wizard)           Turns: 985, Time: 00:04:45

Health: -2/15      AC:  4    Str: 10    XL:     2   Next: 66%
Magic:  1/6        EV: 11    Int: 18    God:
Gold:   22         SH:  0    Dex:  8    Spells: 3 memorised, 2 levels left

rFire  . . .     SeeInvis .     e - +0 club (curse)
rCold  . . .     Clarity  .     a - +0 robe
rNeg   + . .     SustAb   .     (no shield)
rPois  ∞         Gourm    .     b - +0 hat
rElec  +         Spirit   .     (no cloak)
rCorr  .         Warding  .     (no gloves)
rMut   .         Stasis   .     (no boots)
MR     .....                    (no amulet)
Stlth  ++........               (no ring)
                                (no ring)

@: very slightly contaminated, not resistant to hostile enchantments, unstealthy
A: negative energy resistance 1, electricity resistance, unbreathing,
petrification resistance, rot immunity, AC +2
a: no special abilities


You were on level 2 of the Dungeon.
You were not hungry.

You visited 1 branch of the dungeon, and saw 2 of its levels.

You collected 22 gold pieces.

Inventory:

Hand weapons
 e - a cursed +0 club (weapon)
 h - a +0 whip
Armour
 a - a +0 robe (worn)
 b - a +0 hat (worn)
Scrolls
 f - a scroll of recharging
 i - a scroll of identify
Potions
 j - a potion of flight
Books
 c - a book of Minor Magic

   Spells                             Type                      Level
   a - Magic Dart                     Conjuration                  1
   b - Blink                          Translocation                2
   c - Call Imp                       Summoning                    2
   d - Repel Missiles                 Charms/Air                   2
   e - Slow                           Hexes                        2
   f - Conjure Flame                  Conjuration/Fire             3
   g - Mephitic Cloud                 Conjuration/Poison/Air       3
Comestibles
 d - a bread ration
 g - 3 chunks of flesh
 k - a meat ration


   Skills:
 + Level 1.1 Maces & Flails
 - Level 1.5 Dodging
 - Level 2.1 Stealth
 - Level 3.0 Spellcasting
 + Level 2.3 Conjurations
 - Level 0.8 Summonings
 - Level 0.8 Translocations


You had 2 spell levels left.
You knew the following spells:

 Your Spells              Type           Power        Failure   Level  Hunger
a - Magic Dart            Conj           ##..         8%          1    None
b - Call Imp              Summ           #.......     17%         2    ##.....
c - Blink                 Tloc           N/A          17%         2    ##.....


Dungeon Overview and Level Annotations

Branches:
Dungeon (2/15)

Altars:

Annotations:
D:2 Terence


Innate Abilities, Weirdness & Mutations

You are resistant to torment.
You are immune to poison.
Your stone body is very resilient (AC +2).
You resist negative energy.
You are resistant to electric shocks.
You can survive without breathing.
You are immune to petrification.
You are immune to rotting.


Message History

Your crimson imp hits Terence.
Your crimson imp hits Terence but does no damage.
Terence misses your crimson imp.
Your crimson imp blinks!
Your crimson imp hits Terence.
You swap places.
Terence bares his teeth.
Your crimson imp closely misses Terence.
You closely miss Terence.
Terence is heavily wounded.
Terence zaps a wand.
The puff of flame misses you.
Your crimson imp hits Terence but does no damage.
Your crimson imp closely misses Terence.
Terence zaps a wand.
The puff of flame misses you.
You hit Terence but do no damage.
Terence is heavily wounded.
Your crimson imp blinks! x2
Terence zaps a wand.
The puff of flame hits you!
Ouch! That really hurt!
You die...

# .# #####.#
#.....#
######.#
#<...#§#
####.#@###
#.#§@.#
#.###.#
#######.###.#
............>#
#####.#>#####
#...# #####


You could see Terence.

Vanquished Creatures
  3 bats (D:1)
  A giant cockroach (D:1)
  2 goblins (D:1)
  3 hobgoblins (D:1)
  4 kobolds (D:1)
  A giant newt (D:1)
  2 rats (D:1)
16 creatures vanquished.

Notes
Turn   | Place    | Note
--------------------------------------------------------------
     0 | D:1      | dithyrambik, the Gargoyle Wizard, began the quest for the Orb.
     0 | D:1      | Reached XP level 1. HP: 10/10 MP: 4/4
   337 | D:1      | Reached XP level 2. HP: 12/15 MP: 0/6
   399 | D:1      | Learned a level 2 spell: Call Imp
   402 | D:1      | Learned a level 2 spell: Blink
   694 | D:1      | Reached skill level 1 in Maces & Flails
   973 | D:2      | Noticed Terence
   985 | D:2      | Killed from afar by Terence

Action                   || total
-------------------------++-------
Melee: Unarmed           ||     5
       Club              ||     5
 Cast: Magic Dart        ||    37
       Call Imp          ||     2
  Use: Scroll            ||     2
